 Dungeon Crawl Stone Soup version 0.25-a0-58-g9dd530fc12 (webtiles) character file.

Game seed: 5778270458374880598, levelgen mode: deterministic

13412 keltmir the Archer (level 12, -8/93 HPs)
             Began as a Gnoll Skald on Oct 27, 2019.
             Was a High Priest of Okawaru.
             Mangled by a white ugly thing (34 damage)
             ... on level 12 of the Dungeon on Oct 28, 2019.
             The game lasted 00:40:55 (12284 turns).

keltmir the Archer (Gnoll Skald)                   Turns: 12284, Time: 00:40:55

Health: -8/93      AC: 14    Str: 17    XL:     12   Next: 5%
Magic:  24/24      EV: 14    Int: 21    God:    Okawaru [*****.]
Gold:   538        SH:  0    Dex: 15    Spells: 22/28 levels left

rFire    . . .     SeeInvis .   G - +3 halberd (flame)
rCold    . . .     Gourm    .   (shield currently unavailable)
rNeg     . . .     Faith    .   E - +2 scale mail of Restlessness {MR+ Int+4}
rPois    .         Spirit   .   N - +1 hat
rElec    .         Reflect  .   u - +0 cloak
rCorr    .         Harm     .   l - +0 pair of gloves
MR       +....                  i - +0 pair of boots
Stlth    ++........             (no amulet)
HPRegen  0.25/turn              (no ring)
MPRegen  0.19/turn              (no ring)

@: studying Bows
A: distributed training, fangs 1, strong nose
a: Heroism, Finesse, Renounce Religion


You were on level 12 of the Dungeon.
You worshipped Okawaru.
Okawaru was extremely pleased with you.
You were hungry.

You visited 2 branches of the dungeon, and saw 13 of its levels.

You collected 538 gold pieces.

Inventory:

Hand Weapons
 n - a +0 dagger of electrocution
 G - a +3 halberd of flaming (weapon)
 Q - a +0 shortbow
Missiles
 g - 20 boomerangs (quivered)
 s - 27 poisoned darts
 B - 220 arrows
 D - 6 atropa-tipped darts
 F - 2 javelins
Armour
 i - a +0 pair of boots (worn)
 l - a +0 pair of gloves (worn)
 u - a +0 cloak (worn)
 E - the +2 scale mail of Restlessness (worn) {MR+ Int+4}
   (You found it on level 6 of the Dungeon)

   It affects your intelligence (+4).
   It affects your resistance to hostile enchantments.
 J - a +0 buckler
 N - a +1 hat (worn)
 P - a scarf of resistance
Wands
 a - a wand of iceblast (8)
 p - a wand of disintegration (5)
 v - a wand of digging (8)
 x - a wand of random effects (11)
 z - a wand of paralysis (15)
 H - a wand of polymorph (23)
 O - a wand of clouds (6)
 R - a wand of enslavement (8)
Scrolls
 b - a scroll of enchant weapon {unknown}
 e - a scroll of vulnerability {unknown}
 h - 3 scrolls of immolation
 k - 7 scrolls of teleportation
 m - a scroll of fog
 r - 3 scrolls of enchant armour
 w - a scroll of blinking {unknown}
 I - a scroll of summoning {unknown}
 L - a scroll of noise {unknown}
 M - a scroll of remove curse
 S - a scroll of brand weapon {unknown}
Potions
 c - a potion of lignification
 f - 5 potions of might
 j - 6 potions of curing
 o - a potion of ambrosia {unknown}
 q - 2 potions of brilliance
 t - a potion of heal wounds
 A - 2 potions of mutation
 C - 2 potions of haste
 K - 2 potions of flight
Books
 y - a manual of Bows
Comestibles
 d - 20 rations


   Skills:
 + Level 8.2 Fighting
 + Level 6.7 Short Blades
 + Level 6.7 Long Blades
 + Level 6.7 Axes
 + Level 6.7 Maces & Flails
 + Level 8.2 Polearms
 + Level 6.7 Staves
 + Level 6.7 Slings
 + Level 9.1 Bows
 + Level 6.7 Crossbows
 + Level 6.7 Throwing
 + Level 7.3 Armour
 + Level 8.2 Dodging
 + Level 6.7 Stealth
 + Level 6.7 Shields
 + Level 6.7 Unarmed Combat
 + Level 8.5 Spellcasting
 + Level 5.6 Conjurations
 + Level 5.6 Hexes
 + Level 7.9 Charms
 + Level 5.6 Summonings
 + Level 5.6 Necromancy
 + Level 5.6 Translocations
 + Level 5.6 Transmutations
 + Level 5.6 Fire Magic
 + Level 5.6 Ice Magic
 + Level 5.6 Air Magic
 + Level 5.6 Earth Magic
 + Level 5.6 Poison Magic
 + Level 7.4 Invocations
 + Level 6.7 Evocations


You had 22 spell levels left.
You knew the following spells:

 Your Spells              Type           Power        Failure   Level  Hunger
a - Infusion              Chrm           ####         1%          1    None
b - Spectral Weapon       Hex/Chrm       #####...     4%          3    None
c - Swiftness             Chrm/Air       #####...     1%          2    None

Your spell library contained the following spells:

 Spells                   Type           Power        Failure   Level  Hunger
 Shroud of Golubria       Chrm/Tloc      #####.       1%          2    None
 Song of Slaying          Chrm           #####...     1%          2    None
 Shock                    Conj/Air       ####         2%          1    None
 Regeneration             Chrm/Necr      #####.....   4%          3    None
 Static Discharge         Conj/Air       ####....     6%          3    None
 Airstrike                Air            ####......   22%         4    ###....
 Lightning Bolt           Conj/Air       ####......   52%         5    #####..


Dungeon Overview and Level Annotations

Branches:
Dungeon (12/15)            Temple (1/1) D:4            Lair (0/6) D:10
    Orc (0/2) D:11

Altars:
Ashenzari
Dithmenos
Elyvilon
Fedhas
Makhleb
Okawaru
Qazlal
Ru
Uskayaw
Wu Jian
Xom
Yredelemnul
Zin
The Shining One


Innate Abilities, Weirdness & Mutations

Your experience applies equally to all skills.
You have very sharp teeth.
Your uncanny sense of smell can sniff out nearby items.


Message History

The troll is almost dead.
The troll bites you but does no damage. The troll barely misses you.
The troll claws you.
You puncture the troll! You burn the troll.
You kill the troll!
Okawaru accepts your kill.
You closely miss the white ugly thing.
You bite the white ugly thing, but do no damage.
The white ugly thing trunk-slaps you. The white ugly thing freezes you!
You hit the white ugly thing. You burn the white ugly thing.
The white ugly thing is lightly wounded.
The white ugly thing trunk-slaps you. The white ugly thing freezes you!!
Evoke which item? (* to show all) (? for menu, Esc to quit)
Aiming: Disintegrate
Press: ? - help, Shift-Dir - straight line, f - white ugly thing
Aim: a white ugly thing (lightly wounded, chance to defeat MR: 73%)
The white ugly thing is blasted!!
The white ugly thing trunk-slaps you.
* * * LOW HITPOINT WARNING * * *
The white ugly thing freezes you!!
You die...

#(........#
#.#######.# #.# #.#
#.# #.# #.# #.# #### .
#.# #.# ...# ∆... #.#
#.# ##.#
.....####.#######.####
#.#
(.....u@.............#
##.#
.....#####.######.#.##
...# ... .# #.#.# ...#
. .# #.#.# ...#
#......# .# #.#.# ##.#
#......# .# #.#.# ##.#
#......# .# #.#.# ##.#
#......# #.#.# ##.#
#......# #.#.#


You could see a white ugly thing.

Vanquished Creatures
  A catoblepas (D:11)
  A centaur warrior (D:11)
  2 two-headed ogres
  A wizard (D:12)
  A deep elf mage (D:11)
  A cyclops (D:11)
  3 ugly things
  A manticore (D:8)
  4 trolls
  A hornet (D:8)
  2 hippogriffs
  A wraith (D:11)
  6 yaks (D:11)
  2 hungry ghosts (D:10)
  3 vampire mosquitoes
  A water moccasin (D:9)
  An ice beast (D:6)
  A sky beast (D:10)
  An orc warrior (D:5)
  A black bear (D:12)
  2 phantoms
  4 centaurs
  6 ogres
  8 bullfrogs
  A gnoll sergeant (D:6)
  A scorpion (D:7)
  7 wights (D:10)
  A howler monkey (D:7)
  3 bullfrog zombies
  2 centaur zombies
  8 crimson imps
  5 hounds
  8 orc priests
  3 centaur skeletons
  4 jellies
  A bullfrog skeleton (D:5)
  10 orc wizards
  6 iguanas
  6 worker ants
  2 hound zombies
  2 worker ant zombies
  14 adders
  6 gnolls
  2 shadow imps
  2 adder zombies
  A worm (D:4)
  2 dart slugs
  9 leopard geckos
  34 orcs
  2 ball pythons
  A giant cockroach (D:1)
  5 goblins
  8 hobgoblins
  6 jackals
  6 kobolds
  4 quokkas
  10 bats
  5 frilled lizards
  2 quokka skeletons (D:5)
  3 rats
247 creatures vanquished.

Vanquished Creatures (others)
  An orc (D:11)
  A plant (D:10)
  4 spectral weapons
6 creatures vanquished.

Grand Total: 253 creatures vanquished

Notes
Turn   | Place    | Note
-------+----------+-------------------------------------------
     0 | D:1      | keltmir the Gnoll Skald began the quest for the Orb.
     0 | D:1      | Reached XP level 1. HP: 20/20 MP: 6/6
   468 | D:1      | Reached XP level 2. HP: 26/26 MP: 7/7
   942 | D:2      | You fall into a shaft and drop 1 floor!
   979 | D:3      | Reached skill level 5 in Spellcasting
   979 | D:3      | Reached XP level 3. HP: 29/31 MP: 3/9
   984 | D:3      | Learned a level 3 spell: Spectral Weapon
  1060 | D:3      | Reached skill level 1 in Invocations
  1356 | D:2      | Reached skill level 1 in Short Blades
  1356 | D:2      | Reached skill level 1 in Long Blades
  1356 | D:2      | Reached skill level 1 in Axes
  1356 | D:2      | Reached skill level 1 in Maces & Flails
  1356 | D:2      | Reached skill level 1 in Staves
  1356 | D:2      | Reached skill level 1 in Slings
  1356 | D:2      | Reached skill level 1 in Bows
  1356 | D:2      | Reached skill level 1 in Crossbows
  1356 | D:2      | Reached skill level 1 in Throwing
  1356 | D:2      | Reached skill level 1 in Stealth
  1356 | D:2      | Reached skill level 1 in Shields
  1356 | D:2      | Reached skill level 1 in Unarmed Combat
  1356 | D:2      | Reached skill level 1 in Evocations
  1591 | D:3      | Reached XP level 4. HP: 38/38 MP: 8/11
  2201 | D:4      | Reached skill level 1 in Conjurations
  2201 | D:4      | Reached skill level 1 in Hexes
  2201 | D:4      | Reached skill level 1 in Summonings
  2201 | D:4      | Reached skill level 1 in Necromancy
  2201 | D:4      | Reached skill level 1 in Translocations
  2201 | D:4      | Reached skill level 1 in Transmutations
  2201 | D:4      | Reached skill level 1 in Fire Magic
  2201 | D:4      | Reached skill level 1 in Ice Magic
  2201 | D:4      | Reached skill level 1 in Air Magic
  2201 | D:4      | Reached skill level 1 in Earth Magic
  2201 | D:4      | Reached skill level 1 in Poison Magic
  2519 | D:4      | Found a staircase to the Ecumenical Temple.
  2519 | D:4      | Noticed an ogre
  2688 | D:4      | Reached XP level 5. HP: 35/43 MP: 12/12
  2700 | D:4      | Killed an ogre
  2700 | D:4      | Reached XP level 6. HP: 26/50 MP: 10/13
  2917 | Temple   | Entered the Ecumenical Temple
  2938 | Temple   | Became a worshipper of Warmaster Okawaru
  3024 | D:4      | Reached skill level 5 in Fighting
  3024 | D:4      | Reached skill level 5 in Polearms
  3024 | D:4      | Reached skill level 5 in Dodging
  3039 | D:4      | Reached skill level 2 in Bows
  3210 | D:4      | Found a shimmering altar of Xom.
  3330 | D:4      | Reached * piety under Okawaru
  3330 | D:4      | Reached XP level 7. HP: 56/56 MP: 11/15
  3655 | D:5      | Entered Level 5 of the Dungeon
  4047 | D:5      | Reached XP level 8. HP: 49/63 MP: 13/16
  4190 | D:5      | Reached ** piety under Okawaru
  4190 | D:5      | Reached skill level 3 in Bows
  4839 | D:6      | Reached skill level 4 in Bows
  4873 | D:6      | Reached XP level 9. HP: 36/69 MP: 14/18
  5054 | D:6      | Got a shimmering scale mail
  5099 | D:6      | Identified the +2 scale mail of Restlessness {MR+ Int+4}
                  | (You found it on level 6 of the Dungeon)
  5143 | D:6      | Reached *** piety under Okawaru
  6272 | D:7      | Reached skill level 5 in Bows
  6272 | D:7      | Reached skill level 5 in Armour
  6942 | D:8      | Noticed a hornet
  6955 | D:8      | Killed a hornet
  6955 | D:8      | Reached skill level 5 in Invocations
  7174 | D:8      | Noticed a manticore
  7182 | D:8      | Killed a manticore
  7182 | D:8      | Reached **** piety under Okawaru
  7182 | D:8      | Reached skill level 6 in Bows
  7182 | D:8      | Reached XP level 10. HP: 36/77 MP: 17/20
  8122 | D:9      | Noticed a two-headed ogre
  8130 | D:9      | Killed a two-headed ogre
  8130 | D:9      | Reached skill level 5 in Short Blades
  8130 | D:9      | Reached skill level 5 in Long Blades
  8130 | D:9      | Reached skill level 5 in Axes
  8130 | D:9      | Reached skill level 5 in Maces & Flails
  8130 | D:9      | Reached skill level 5 in Staves
  8130 | D:9      | Reached skill level 5 in Slings
  8130 | D:9      | Reached skill level 5 in Crossbows
  8130 | D:9      | Reached skill level 5 in Throwing
  8130 | D:9      | Reached skill level 5 in Stealth
  8130 | D:9      | Reached skill level 5 in Shields
  8130 | D:9      | Reached skill level 5 in Unarmed Combat
  8130 | D:9      | Reached skill level 5 in Evocations
  8497 | D:9      | Learned a level 2 spell: Swiftness
  8599 | D:9      | Noticed a red ugly thing
  8607 | D:9      | Killed a red ugly thing
  8913 | D:10     | Entered Level 10 of the Dungeon
  9158 | D:10     | Reached skill level 7 in Bows
  9519 | D:10     | Found a staircase to the Lair.
  9568 | D:10     | Noticed a two-headed ogre
  9576 | D:10     | Killed a two-headed ogre
  9576 | D:10     | Reached ***** piety under Okawaru
  9576 | D:10     | Received a gift from Okawaru
  9783 | D:11     | Reached XP level 11. HP: 81/84 MP: 18/22
  9980 | D:11     | Noticed a deep elf mage
  9985 | D:11     | Killed a deep elf mage
 10052 | D:11     | Noticed a centaur warrior
 10460 | D:11     | Killed a centaur warrior
 10460 | D:11     | Reached skill level 8 in Bows
 10460 | D:11     | Reached skill level 5 in Conjurations
 10460 | D:11     | Reached skill level 5 in Hexes
 10460 | D:11     | Reached skill level 5 in Summonings
 10460 | D:11     | Reached skill level 5 in Necromancy
 10460 | D:11     | Reached skill level 5 in Translocations
 10460 | D:11     | Reached skill level 5 in Transmutations
 10460 | D:11     | Reached skill level 5 in Fire Magic
 10460 | D:11     | Reached skill level 5 in Ice Magic
 10460 | D:11     | Reached skill level 5 in Air Magic
 10460 | D:11     | Reached skill level 5 in Earth Magic
 10460 | D:11     | Reached skill level 5 in Poison Magic
 10502 | D:11     | Noticed a cyclops
 10516 | D:11     | Killed a cyclops
 10696 | D:11     | Noticed a catoblepas
 10704 | D:11     | Killed a catoblepas
 10704 | D:11     | Received a gift from Okawaru
 10705 | D:11     | Got a distressingly furry cloak {god gift}
 10724 | D:11     | Identified the +0 cloak of Kadul {rC- Int+3} (Okawaru
                  | gifted it to you on level 11 of the Dungeon)
 10748 | D:11     | Found a staircase to the Orcish Mines.
 11243 | D:12     | Noticed a wizard
 11250 | D:12     | Killed a wizard
 11293 | D:12     | Noticed a white ugly thing
 11303 | D:12     | Killed a white ugly thing
 11932 | D:12     | Noticed a brown ugly thing
 11944 | D:12     | Killed a brown ugly thing
 11944 | D:12     | Reached skill level 9 in Bows
 11944 | D:12     | Reached XP level 12. HP: 93/93 MP: 24/24
 12284 | D:12     | Mangled by a white ugly thing

Levels and vault maps discovered:
D:1:      dpeg_arrival_water_fire, layout_basic
D:2:      layout_rooms, kennysheep_cross_room
D:3:      layout_basic
D:4:      cheibrodos_helix_gallery, layout_rooms, xom_butterflies,
          minmay_temple_entry_glass, serial_bayou_pond_b
D:5:      layout_cave_pods, first_ration, small_statue_intersection,
          minmay_manual_mail
D:6:      layout_layer_cave, roderic_roman_lattice,
          chequers_serial_rivers_micro_e, hangedman_glass_teeth,
          minmay_misc_feat_secret_circle
D:7:      layout_cave_pools, hangedman_abyss_or_decor_stagger
D:8:      layout_basic
D:9:      layout_irregular_city
D:10:     layout_small_grid, david_lair_shrubbed
D:11:     layout_roguey
D:12:     layout_basic, grunt_tengu_nest, minmay_misc_feat_doors
Temple:   compressed_dpeg_triangle_lava_temple

Skill      XL: |  1  2  3  4  5  6  7  8  9 10 11 |
---------------+----------------------------------+-----
Spellcasting   | 5 6 7 8 |  8.5
Invocations    | 1 2 3 4 5 6 7 |  7.4
Short Blades   | 1 2 3 4 5 6 |  6.7
Long Blades    | 1 2 3 4 5 6 |  6.7
Axes           | 1 2 3 4 5 6 |  6.7
Maces & Flails | 1 2 3 4 5 6 |  6.7
Staves         | 1 2 3 4 5 6 |  6.7
Slings         | 1 2 3 4 5 6 |  6.7
Bows           | 1 2 4 6 7 9 |  9.1
Crossbows      | 1 2 3 4 5 6 |  6.7
Throwing       | 1 2 3 4 5 6 |  6.7
Stealth        | 1 2 3 4 5 6 |  6.7
Shields        | 1 2 3 4 5 6 |  6.7
Unarmed Combat | 1 2 3 4 5 6 |  6.7
Evocations     | 1 2 3 4 5 6 |  6.7
Conjurations   | 1 2 3 4 5 |  5.6
Hexes          | 1 2 3 4 5 |  5.6
Summonings     | 1 2 3 4 5 |  5.6
Necromancy     | 1 2 3 4 5 |  5.6
Translocations | 1 2 3 4 5 |  5.6
Transmutations | 1 2 3 4 5 |  5.6
Fire Magic     | 1 2 3 4 5 |  5.6
Ice Magic      | 1 2 3 4 5 |  5.6
Air Magic      | 1 2 3 4 5 |  5.6
Earth Magic    | 1 2 3 4 5 |  5.6
Poison Magic   | 1 2 3 4 5 |  5.6
Armour         | 3 4 5 6 7 |  7.3
Fighting       | 5 6 7 8 |  8.2
Polearms       | 5 6 7 8 |  8.2
Dodging        | 5 6 7 8 |  8.2
Charms         | 6 7 |  7.9

Action                   |  1- 3 |  4- 6 |  7- 9 | 10-12 || total
-------------------------+-------+-------+-------+-------++-------
Melee: Spear             |    98 |       |       |       ||    98
       Bite              |     5 |    11 |    42 |    46 ||   104
       Dagger            |    25 |   135 |   302 |   339 ||   801
       Punch             |       |     2 |     2 |       ||     4
       Halberd           |       |       |       |    17 ||    17
Throw: Dart              |       |    11 |    14 |     6 ||    31
       Boomerang         |       |       |       |    26 ||    26
 Cast: Infusion          |     3 |       |       |       ||     3
       Spectral Weapon   |     1 |     9 |    31 |    30 ||    71
Invok: Heroism           |       |       |       |     1 ||     1
       Finesse           |       |       |       |     1 ||     1
Evoke: Wand              |       |       |       |    13 ||    13
  Use: Scroll            |     2 |     2 |     6 |     5 ||    15
       Potion            |       |       |     3 |       ||     3
 Stab: Sleeping          |     1 |     2 |     3 |     2 ||     8
       Distracted        |       |       |     1 |     5 ||     6
       Paralysed         |       |       |       |    12 ||    12
       Invisible         |       |       |       |     3 ||     3
  Eat: Chunk             |     2 |     7 |    12 |    17 ||    38
Armor: Leather armour    |    29 |    33 |    23 |       ||    85
       Scale mail        |       |       |    72 |   105 ||   177
Dodge: Dodged            |    79 |    96 |   160 |   170 ||   505
Block: Buckler           |       |       |    16 |    66 ||    82

Table legend:
 A = Non-vault XP
 B = Vault XP
 C = Vault XP percentage of total XP
 D = Non-vault monster count
 E = Vault monster count
 F = Vault count percentage of total count
                 A         B        C        D         E       F
            +---------+---------+-------+---------+---------+-------
      Total |   18755 |     406 |   2.1 |     238 |       9 |   3.6
            +---------+---------+-------+---------+---------+-------
        D:1 |      28 |       0 |   0.0 |      15 |       0 |   0.0
        D:2 |      16 |       0 |   0.0 |       9 |       0 |   0.0
        D:3 |      92 |       0 |   0.0 |      31 |       0 |   0.0
        D:4 |     612 |      70 |  10.3 |      23 |       4 |  14.8
        D:5 |     688 |     336 |  32.8 |      21 |       5 |  19.2
        D:6 |     998 |       0 |   0.0 |      21 |       0 |   0.0
        D:7 |    1049 |       0 |   0.0 |      22 |       0 |   0.0
        D:8 |    1199 |       0 |   0.0 |      15 |       0 |   0.0
        D:9 |    2000 |       0 |   0.0 |      12 |       0 |   0.0
       D:10 |    2096 |       0 |   0.0 |      24 |       0 |   0.0
       D:11 |    7135 |       0 |   0.0 |      35 |       0 |   0.0
       D:12 |    2842 |       0 |   0.0 |      10 |       0 |   0.0
            +---------+---------+-------+---------+---------+-------
